 Dungeon Crawl Stone Soup version 0.31-a0-128-g25add195a6 (webtiles) character file.

Game seed: 10408469567873060080

37 greasedhog the Slasher (level 3, -7/30 HPs)
             Began as a Merfolk Fighter on June 2, 2023.
             Mangled by Terence
             ... wielding a +0 trident
              (10 damage)
             ... on level 1 of the Dungeon.
             The game lasted 00:02:07 (890 turns).

greasedhog the Slasher (Merfolk Fighter)             Turns: 890, Time: 00:02:08

Health: -7/30      AC:  6    Str: 16    XL:     3   Next: 41%
Magic:  3/3        EV:  8    Int:  7    God:
Gold:   53         SH:  5    Dex: 15    Spells: 2/2 levels left

rFire   . . .        a - +0 long sword
rCold   . . .        c - +0 buckler
rNeg    . . .        b - +0 scale mail
rPois   .            (no helmet)
rElec   .            (no cloak)
rCorr   .            (no gloves)
SInv    .            (no boots)
Will    .....        (no amulet) Stlth
                     (no ring)
HPRegen 0.25/turn    (no ring)
MPRegen 0.08/turn

%: no passive effects
@: no status effects
A: (nimble swimmer 2), mertail
a: no special abilities


You were on level 1 of the Dungeon.
You visited 1 branch of the dungeon, and saw 2 of its levels.

You collected 53 gold pieces.

Inventory:

Hand Weapons
 a - a +0 long sword (weapon)
Armour
 b - a +0 scale mail (worn)
 c - a +0 buckler (worn)
Scrolls
 e - 3 scrolls of fear {unknown}
 f - a scroll of identify {unknown}
 h - a scroll of magic mapping {unknown}
 i - a scroll of teleportation {unknown}
Potions
 d - a potion of might
 g - a potion of invisibility {unknown}


   Skills:
 + Level 3.9 Fighting
 * Level 3.9 Long Blades
 - Level 2.1 Armour
 - Level 3.0 Shields


You had 2 spell levels left.
You didn't know any spells.
Your spell library was empty.

Dungeon Overview and Level Annotations

Branches:
Dungeon (2/15)

Altars:

Annotations:
D:1 Terence


Innate Abilities, Weirdness & Mutations

((You are very nimble when in or above water. (Stealth+, EV+, Speed+++)))
Your lower body shifts to a powerful aquatic tail in water.


Message History

Terence barely misses you. You block Terence's attack.
There is a stone staircase leading up, spattered with blood here.
Terence hits you with a +0 trident.
You climb upwards.
There is a stone staircase leading down here.
You barely miss Terence. Terence hits you with a +0 trident.
You closely miss Terence. Terence hits you with a +0 trident.
You barely miss Terence. Terence closely misses you.
You hit Terence.
Terence is lightly wounded.
Terence hits you with a +0 trident! Terence barely misses you.
You hit Terence but do no damage.
Terence is lightly wounded.
Terence shouts, "Get ready for death!"
Terence closely misses you.
You closely miss Terence.
Terence is lightly wounded.
Terence closely misses you.
You hit Terence but do no damage.
Terence is lightly wounded.
Terence hits you with a +0 trident!
* * * LOW HITPOINT WARNING * * *
Terence closely misses you.
You slash Terence!
Terence is severely wounded.
Terence looks scornfully at you. Terence hits you but does no damage.
You hit Terence but do no damage.
Terence is severely wounded.
Terence hits you with a +0 trident.
* * * LOW HITPOINT WARNING * * *
You completely miss Terence.
Terence is severely wounded.
Terence hits you with a +0 trident.
* * * LOW HITPOINT WARNING * * *
You hit Terence but do no damage.
Terence is severely wounded.
Terence hits you with a +0 trident!
You die...

###.....# #...............
#...#######.#..###.##.##..
#..............##..##....#
#.....(...#.##....(.#).###
####.####.#....#.......#..
#..# #.###..##..##.##..
##.# #.# ##.##.###.#...
#..###.# #........#...
#.#..)@# #.########.##
#.#.##@# #.########.#
#.#.##.####..........#
#...##...####.......##
########.####[......#
#.##.........#
#.##....######
#..'....'...#
####....###.##


You could see Terence.

Vanquished Creatures
  A dart slug (D:1)
  4 endoplasms (D:1)
  2 hobgoblins (D:1)
  A quokka (D:1)
  9 ball pythons
  5 bats (D:1)
  4 goblins (D:1)
  5 kobolds (D:1)
  4 rats (D:1)
35 creatures vanquished.

Notes
Turn   | Place    | Note
-------+----------+-------------------------------------------
     0 | D:1      | greasedhog the Merfolk Fighter began the quest for the Orb.
     0 | D:1      | Reached XP level 1. HP: 18/18 MP: 1/1
   107 | D:1      | Reached XP level 2. HP: 14/24 MP: 2/2
   496 | D:1      | Reached XP level 3. HP: 30/30 MP: 3/3
   780 | D:2      | Noticed Terence
   890 | D:1      | Mangled by Terence

Illustrated notes

Levels and vault maps discovered:
D:1:      saegor_arrival_fortress, layout_basic, minmay_pentomino_p4
D:2:      layout_rooms, minmay_snake_closets, uniq_crazy_yiuf_cottage,
          uniq_terence

Skill      XL: |  1 |
---------------+----+-----
Long Blades    | 3 |  3.9
Fighting       | |  3.9
Armour         | |  2.1
Shields        | |  3.0

Action                     || total
---------------------------++-------
  Melee: Long sword        ||   102
         Tailslap          ||     5
 Armour: Scale mail        ||    57
  Dodge: Dodged            ||    47
  Block: Buckler           ||    18

Table legend: (Time is in decaauts)
 A = Elapsed time spent in this place.
 B = Non-inter-level travel time spent in this place.
 C = Inter-level travel time spent in this place.
 D = Time resting spent in this place.
 E = Time spent auto-exploring this place.
 F = Levels seen in this place.
 G = Mean time per level.
                   A        B        C        D        E       F      G
               +--------+--------+--------+--------+--------+-----+--------+
         Total |    903 |    879 |     24 |     43 |    565 |   2 |  451.5 |
       Dungeon |    903 |    879 |     24 |     43 |    565 |   2 |  451.5 |
               +--------+--------+--------+--------+--------+-----+--------+

Top non-repeatable levels by time:
     D:1: 861 daAuts
     D:2: 42 daAuts
